 Dungeon Crawl Stone Soup version 0.19.4-25-g1b72edd (webtiles) character file.

8505 Kosschaser the Grappler (level 11, -9/101 HPs)
             Began as a Troll Monk on Feb 27, 2017.
             Was a Priest of Nemelex Xobeh.
             Mangled by a yak (14 damage)
             ... on level 9 of the Dungeon on Feb 28, 2017.
             The game lasted 00:39:36 (8111 turns).

Kosschaser the Grappler (Troll Monk)                Turns: 8111, Time: 00:39:37

Health: -9/101     AC:  9    Str: 24    XL:     11   Next: 10%
Magic:  11/11      EV: 13    Int:  6    God:    Nemelex Xobeh [***...]
Gold:   760        SH:  0    Dex: 15    Spells: 0 memorised, 10 levels left

rFire  . . .     SeeInvis .       - Unarmed
rCold  . . .     Gourm    +     x - +0 troll leather armour {Purgy}
rNeg   . . .     Faith    .     (no shield)
rPois  +         Spirit   .     (helmet restricted)
rElec  .         Reflect  .     N - +0 cloak {rPois}
rCorr  .         Harm     .     (gloves unavailable)
MR     .....                    (boots unavailable)
Stlth  ++........               (no amulet)
                                S - +6 ring of slaying
                                s - +5 ring of dexterity

@: no status effects
A: unfitting armour, claws 3, talons 1, clumsy 1, fast metabolism 3, gourmand,
regeneration 1, shaggy fur 1, tough skin 2
a: Triple Draw, Renounce Religion


You were on level 9 of the Dungeon.
You worshipped Nemelex Xobeh.
Nemelex Xobeh was most pleased with you.
You were completely stuffed.

You visited 2 branches of the dungeon, and saw 11 of its levels.
You also visited: Sewer.

You collected 760 gold pieces.

Inventory:

Missiles
 g - 263 stones (quivered)
Armour
 x - a +0 troll leather armour (worn) {Purgy}
 N - a +0 cloak of poison resistance (worn)
Jewellery
 d - an uncursed ring of flight
 s - a +5 ring of dexterity (left claw)
 C - the ring of Ijanosau {rPois rC- EV+2 Str+4 Dex-4}
   (You found it on level 5 of the Dungeon)

   [ring of evasion]

   It affects your evasion (+2).
   It affects your strength (+4).
   It affects your dexterity (-4).
   It makes you vulnerable to cold.
   It protects you from poison.
 S - a +6 ring of slaying (right claw)
Wands
 t - a wand of lightning (9/15)
 y - a wand of flame (16/48)
 D - a wand of slowing (20/48)
 H - a wand of enslavement (13/24)
 O - a wand of flame (34/48)
Scrolls
 a - a scroll of brand weapon {unknown}
 h - a scroll of amnesia
 j - 2 scrolls of fear
 r - 2 scrolls of enchant weapon
 w - 4 scrolls of remove curse
 A - 2 scrolls of fog
 B - 4 scrolls of teleportation
 F - a scroll of noise {unknown}
 P - 2 scrolls of magic mapping {unknown}
 R - 2 scrolls of enchant armour {unknown}
 T - a scroll of acquirement {unknown}
Potions
 e - 3 potions of brilliance
 i - 3 potions of flight {unknown}
 l - 3 potions of lignification {unknown}
 m - 5 potions of might
 o - 3 potions of curing {unknown}
 q - 3 potions of magic
 v - 3 potions of ambrosia
 z - 2 potions of heal wounds
 E - a potion of resistance {unknown}
 L - a potion of cure mutation {unknown}
 M - a potion of degeneration {unknown}
Books
 k - a book of Callings

   Spells                             Type                      Level
   a - Summon Small Mammal            Summoning                    1
   b - Call Imp                       Summoning                    2
   c - Call Canine Familiar           Summoning                    3
   d - Summon Guardian Golem          Hexes/Summoning              3
   e - Summon Lightning Spire         Summoning/Air                4
   f - Summon Ice Beast               Ice/Summoning                4
Miscellaneous
 n - a plain deck of destruction
 J - a plain deck of escape
 K - a plain deck of summoning {drawn: 1}
 Q - an ornate deck of escape {drawn: 3}
Comestibles
 b - 7 bread rations
 c - 9 slices of pizza
 f - 6 meat rations
 p - 6 beef jerkies
 u - 5 fruits
 G - 2 royal jellies
 U - 2 chunks of flesh


   Skills:
 + Level 4.5 Fighting
 + Level 2.7 Throwing
 + Level 4.7 Armour
 + Level 5.7 Dodging
 + Level 3.4 Stealth
 + Level 12.6 Unarmed Combat
 + Level 1.4 Invocations
 + Level 1.0 Evocations


You had 10 spell levels left.
You didn't know any spells.

Dungeon Overview and Level Annotations

Branches:
Dungeon (10/15)            Temple (1/1) D:6
   Lair: D:8-11         Orc: D:9-12

Altars:
Ashenzari
Cheibriados
Elyvilon
Gozag
Hepliaklqana
Kikubaaqudgha
Makhleb
Nemelex Xobeh
Okawaru
Qazlal
Ru
Sif Muna
Trog
Uskayaw
Xom
Yredelemnul
Zin
The Shining One


Innate Abilities, Weirdness & Mutations

You are too large for most types of armour.
You have claws for hands.
Your metabolism is lightning-fast.
You like to eat raw meat.
Your natural rate of healing is unusually fast.
You are covered in fur. (AC +1)
You have very tough skin. (AC +2)
You have sharp toenails.
You are clumsy. (Dex -2)


Message History

* * * LOW HITPOINT WARNING * * *
The yak misses you.
You climb upwards.
There is a stone staircase leading down, spattered with blood here.
You feel much better. The yak gores you! The yak gores you.
* * * LOW HITPOINT WARNING * * *
The yak gores you.
* * * LOW HITPOINT WARNING * * *
The yak gores you!
* * * LOW HITPOINT WARNING * * *
The white imp gestures at you. The puff of frost hits you!
* * * LOW HITPOINT WARNING * * *
The yak barely misses you. The yak gores you!
* * * LOW HITPOINT WARNING * * *
Evoke which item? (* to show all) (? for menu, Esc to quit)
You draw a card...
It is Velocity.
The yak seems to speed up. x5
The white imp seems to speed up.
The yak seems to speed up.
The yak gores you!
You die...
Your body glows slightly and disappears.

############ #######
#..........# #...#..
#..........####.#.###
#..........##.'.#....
#..........##.#.#.###
#.)........#..#.#.#..
#..Y.Y.......##.#.#.#
#..Y@Y.....####...#..
#..5YY.....# ##'####
#..........# #..###
#..........# ##....
###....รท)### ####.
######.#### #.
#.......# ##
#.......# #######
#.......###......


You could see 6 yaks and a white imp.

Vanquished Creatures
  2 hill giants (D:9)
  A two-headed ogre (D:8)
  Prince Ribbit (D:6)
  Grinder (D:6)
  A hippogriff (D:10)
  A spriggan (D:8)
  A yak (D:9)
  Eustachio (D:6)
  The ghost of cirnu the Poker, an amateur DsCK of Xom (D:5)
  18 soldier ants (D:8)
  2 orc warriors (D:7)
  Purgy (Sewer)
  An ice beast (D:6)
  A phantom (D:4)
  2 sky beasts
  A wolf (D:9)
  2 centaurs
  A crocodile (D:9)
  Blork the orc (D:6)
  4 bullfrogs
  A gnoll sergeant (D:9)
  3 scorpions
  5 killer bees (D:8)
  3 howler monkeys
  2 crimson imps
  A bullfrog zombie (D:6)
  3 orc priests
  A gnoll shaman (D:5)
  A centaur skeleton (D:5)
  5 hounds
  A jelly (D:9)
  7 orc wizards
  Ijyb (D:2)
  24 worker ants
  A hound zombie (D:5)
  A hound skeleton (D:6)
  2 worker ant zombies
  A howler monkey zombie (D:6)
  17 adders
  19 gnolls
  A howler monkey skeleton (D:4)
  2 shadow imps (D:7)
  5 oozes
  An adder zombie (D:9)
  2 worms (D:4)
  3 dart slugs
  5 leopard geckos
  21 orcs
  6 giant cockroaches
  3 goblins
  3 hobgoblins
  4 quokkas
  4 ball pythons
  10 bats
  10 frilled lizards
  6 kobolds
  2 leopard gecko zombies
  7 rats
238 creatures vanquished.

Vanquished Creatures (collateral kills)
  A queen ant (D:8)
  Maurice (D:8)
  An ogre (D:8)
3 creatures vanquished.

Vanquished Creatures (others)
  A soldier ant (D:8)
1 creature vanquished.

Grand Total: 242 creatures vanquished

Notes
Turn   | Place    | Note
-------+----------+-------------------------------------------
     0 | D:1      | Kosschaser the Troll Monk began the quest for the Orb.
     0 | D:1      | Reached XP level 1. HP: 22/22 MP: 0/0
   264 | D:1      | Reached XP level 2. HP: 23/29 MP: 1/1
   669 | D:2      | Reached XP level 3. HP: 34/36 MP: 2/2
   812 | D:2      | Found a stormy altar of Qazlal.
   897 | D:2      | Reached XP level 4. HP: 23/44 MP: 3/3
   898 | D:2      | Reached skill level 4 in Unarmed Combat
  1187 | D:2      | Reached XP level 5. HP: 46/52 MP: 4/4
  1229 | D:2      | Noticed Ijyb
  1236 | D:2      | Killed Ijyb
  1720 | D:3      | Reached skill level 5 in Unarmed Combat
  1957 | D:3      | Reached XP level 6. HP: 59/61 MP: 5/5
  2446 | D:4      | Upgraded the game from 0.19.4-12-gccf7e64 to 0.19.4-25-g1b72edd
  2456 | D:4      | Found a deep blue altar of Sif Muna.
  2669 | D:4      | Reached skill level 6 in Unarmed Combat
  2669 | D:4      | Reached XP level 7. HP: 62/67 MP: 6/6
  2679 | D:4      | Found a faded altar of an unknown god.
  2679 | D:4      | Found a shimmering altar of Xom.
  2688 | D:4      | Found a faded altar of an unknown god.
  2690 | D:4      | Found a faded altar of an unknown god.
  2691 | D:4      | Found a faded altar of an unknown god.
  3174 | D:5      | Entered Level 5 of the Dungeon
  3365 | D:5      | Found a glowing drain.
  3416 | Sewer    | Entered a sewer
  3473 | Sewer    | Noticed Purgy
  3479 | Sewer    | Killed Purgy
  3479 | Sewer    | Reached skill level 1 in Throwing
  3479 | Sewer    | Reached skill level 7 in Unarmed Combat
  3651 | D:5      | Noticed cirnu's ghost (amateur DsCK)
  3705 | D:5      | Killed cirnu's ghost
  3705 | D:5      | Reached XP level 8. HP: 55/75 MP: 7/7
  3846 | D:5      | Got a coiled copper ring
  3908 | D:5      | Reached skill level 1 in Armour
  4032 | D:5      | Identified the ring of Ijanosau {rPois rC- EV+2 Str+4 Dex-4} (You found it on level 5 of the Dungeon)
  4129 | D:6      | Noticed Grinder
  4135 | D:6      | Paralysed by Grinder for 6 turns
  4146 | D:6      | Paralysed by Grinder for 5 turns
  4152 | D:6      | Killed Grinder
  4152 | D:6      | Reached skill level 8 in Unarmed Combat
  4316 | D:6      | Found a bloodstained altar of Trog.
  4324 | D:6      | Noticed Blork the orc
  4333 | D:6      | Killed Blork the orc
  4410 | D:6      | Noticed Eustachio
  4422 | D:6      | Killed Eustachio
  4466 | D:6      | Noticed Prince Ribbit
  4475 | D:6      | Killed Prince Ribbit
  4475 | D:6      | Reached skill level 9 in Unarmed Combat
  4475 | D:6      | Reached XP level 9. HP: 75/83 MP: 8/8
  4504 | D:6      | Found a hide-covered altar of Uskayaw.
  4631 | D:6      | Found a staircase to the Ecumenical Temple.
  4912 | Temple   | Entered the Ecumenical Temple
  4933 | Temple   | Became a worshipper of Nemelex Xobeh the Trickster
  4933 | Temple   | Received a gift from Nemelex Xobeh
  4933 | Temple   | Received a gift from Nemelex Xobeh
  4933 | Temple   | Reached * piety under Nemelex Xobeh
  4933 | Temple   | Received a gift from Nemelex Xobeh
  4933 | Temple   | Reached ** piety under Nemelex Xobeh
  5114 | D:7      | Found an iron altar of Okawaru.
  5165 | D:7      | Gained mutation: You have sharp toenails. [mutagenic meat]
  5166 | D:7      | Gained mutation: You are weak. (Str -2) [mutagenic meat]
  5167 | D:7      | Lost mutation: You are weak. (Str -2) [mutagenic meat]
  5169 | D:7      | Gained mutation: You are clumsy. (Dex -2) [mutagenic meat]
  5470 | D:7      | Found a glowing golden altar of the Shining One.
  5733 | D:8      | Noticed Maurice
  5745 | D:8      | Killed Maurice
  5783 | D:8      | Reached skill level 10 in Unarmed Combat
  5988 | D:8      | Found a snail-covered altar of Cheibriados.
  6212 | D:8      | Received a gift from Nemelex Xobeh
  6230 | D:8      | Reached skill level 1 in Evocations
  6258 | D:8      | Noticed a queen ant
  6271 | D:8      | Reached XP level 10. HP: 24/92 MP: 9/9
  6272 | D:8      | Reached skill level 1 in Invocations
  6280 | D:8      | HP: 3/92 [soldier ant (6)]
  6285 | D:8      | HP: 4/92 [poisoned by a soldier ant]
  6447 | D:8      | Reached skill level 11 in Unarmed Combat
  6535 | D:8      | Reached skill level 5 in Dodging
  6645 | D:8      | Killed a queen ant
  7089 | D:8      | Reached skill level 12 in Unarmed Combat
  7700 | D:9      | Reached *** piety under Nemelex Xobeh
  7715 | D:9      | Received a gift from Nemelex Xobeh
  7897 | D:9      | Noticed a hill giant
  7905 | D:9      | Killed a hill giant
  8057 | D:10     | Entered Level 10 of the Dungeon
  8057 | D:10     | Noticed a hill giant
  8061 | D:10     | Reached XP level 11. HP: 90/101 MP: 11/11
  8075 | D:9      | Killed a hill giant
  8110 | D:9      | HP: 4/101 [yak (12)]
  8111 | D:9      | Mangled by a yak

Skill      XL: |  1  2  3  4  5  6  7  8  9 10 |
---------------+-------------------------------+-----
Unarmed Combat | 4 5 6 7 9 10 12 | 12.6
Dodging        | 3 4 5 |  5.7
Fighting       | 3 4 |  4.5
Stealth        | 2 3 |  3.4
Throwing       | 1 2 |  2.7
Armour         | 3 4 |  4.7
Evocations     | 1 |  1.0
Invocations    | 1 |  1.4

Action                   |  1- 3 |  4- 6 |  7- 9 | 10-12 || total
-------------------------+-------+-------+-------+-------++-------
Melee: Unarmed           |    45 |   153 |   296 |   198 ||   692
       Punch             |     1 |     3 |     9 |     9 ||    22
       Kick              |       |       |    16 |    51 ||    67
Throw: Stone             |     1 |    34 |    16 |    26 ||    77
 Abil: Evoke Flight      |       |       |     2 |       ||     2
Evoke: Wand              |       |       |     7 |       ||     7
       Deck              |       |       |     5 |     4 ||     9
  Use: Scroll            |       |     3 |    10 |     5 ||    18
       Potion            |       |       |       |     3 ||     3
 Stab: Sleeping          |     3 |     4 |     6 |     5 ||    18
  Eat: Chunk             |     8 |    16 |    40 |    21 ||    85
Armor: Robe              |    14 |    44 |    18 |       ||    76
       Troll leather arm |       |       |    58 |    44 ||   102
Dodge: Dodged            |    15 |    73 |   150 |   116 ||   354
